 Dungeon Crawl Stone Soup version 0.21.1-74-g47da925 (webtiles) character file.

46 manyhoops the Ruffian (level 3, -23/28 HPs)
             Began as a Gnoll Wanderer on Aug 8, 2018.
             Killed from afar by a crimson imp (29 damage)
             ... with an exploding inner flame
             ... hexed by the player character
             ... on level 2 of the Dungeon.
             The game lasted 00:06:31 (1486 turns).

manyhoops the Ruffian (Gnoll Wanderer)              Turns: 1486, Time: 00:06:33

Health: -23/28     AC:  2    Str: 14    XL:     3   Next: 68%
Magic:  4/4        EV: 13    Int: 16    God:
Gold:   62         SH:  0    Dex: 13    Spells: 3/3 levels left

rFire    . . .     SeeInvis .   p - +0 dagger (drain)
rCold    . . .     Gourm    .   (no shield)
rNeg     . . .     Faith    .   e - +0 robe
rPois    .         Spirit   .   (no helmet)
rElec    .         Reflect  .   (no cloak)
rCorr    .         Harm     .   (no gloves)
MR       .....                  (no boots)
Stlth    +++.......             n - amulet of rage
HPRegen  0.09/turn              (no ring)
MPRegen  0.09/turn              (no ring)

@: no status effects
A: distributed training, fangs 1, strong nose
a: Evoke Berserk Rage


You were on level 2 of the Dungeon.
You were not hungry.

You visited 1 branch of the dungeon, and saw 2 of its levels.

You collected 62 gold pieces.

Inventory:

Hand Weapons
 c - a +0 quarterstaff
 p - a +0 dagger of draining (weapon)
Armour
 e - a +0 robe (worn)
 t - a +0 cloak
Jewellery
 n - an amulet of rage (around neck)
Wands
 m - a wand of clouds (2)
Scrolls
 g - 2 scrolls of enchant armour
 i - a scroll of remove curse
 j - a scroll of noise
 o - a scroll of amnesia
Potions
 d - 2 potions of lignification
 h - a potion of curing {unknown}
 l - a potion of invisibility {unknown}
 s - a potion of flight {unknown}
 u - a potion of cancellation {unknown}
Books
 r - a book of Minor Magic

   Spells                             Type                      Level
   a - Magic Dart                     Conjuration                  1
   b - Blink                          Translocation                2
   c - Call Imp                       Summoning                    2
   d - Slow                           Hexes                        2
   e - Conjure Flame                  Conjuration/Fire             3
   f - Mephitic Cloud                 Conjuration/Poison/Air       3
Comestibles
 f - 7 rations


   Skills:
 + Level 2.6 Fighting
 + Level 6.5 Short Blades
 + Level 0.9 Long Blades
 + Level 0.9 Axes
 + Level 0.9 Maces & Flails
 + Level 0.9 Polearms
 + Level 0.9 Staves
 + Level 0.9 Slings
 + Level 0.9 Bows
 + Level 0.9 Crossbows
 + Level 0.9 Throwing
 + Level 0.9 Armour
 + Level 2.6 Dodging
 + Level 4.2 Stealth
 + Level 0.9 Shields
 + Level 6.5 Unarmed Combat
 + Level 0.9 Spellcasting
 + Level 0.6 Conjurations
 + Level 0.6 Hexes
 + Level 0.6 Charms
 + Level 0.6 Summonings
 + Level 0.6 Necromancy
 + Level 0.6 Translocations
 + Level 0.6 Transmutations
 + Level 0.6 Fire Magic
 + Level 0.6 Ice Magic
 + Level 0.6 Air Magic
 + Level 0.6 Earth Magic
 + Level 0.6 Poison Magic
 + Level 1.0 Invocations
 + Level 0.9 Evocations


You had 3 spell levels left.
You didn't know any spells.

Dungeon Overview and Level Annotations

Branches:
Dungeon (2/15)

Altars:
Makhleb
Xom
Zin

Annotations:
D:2 1 runed door


Innate Abilities, Weirdness & Mutations

Your experience applies equally to all skills.
You have very sharp teeth.
Your uncanny sense of smell can sniff out nearby items.


Message History

It was a scroll of immolation.
As you read the scroll labeled IXKEBA PAEXON, it crumbles to dust.
You smell the scent of fear.
It was a scroll of random uselessness.
Okay, then.
The crimson imp closely misses you.
The crimson imp blinks!
There is an open door here.
You close the door.
A crimson imp opens the door.
You close the door.
A crimson imp opens the door.
Aiming: Cloud Cone
Press: ? - help, Dir - move target cursor, f/p - crimson imp
Aim: a crimson imp (inner flame)
You create a blast of freezing vapour!
The crimson imp is engulfed in freezing vapours.
The crimson imp explodes!
You hear a sizzling sound! x4
The fiery explosion engulfs you!
Ouch! That really hurt!
You die...

#.........##....
#......#####....
############......#
#....
#.................#
#....
#.......5.#########
###..
#.........######
##..
#.....§..##.≈≈≈#
#...
#.....§§.#§≈≈≈##
#...
#.....§§.'@.._∩#
#...
########.#§≈≈≈##
...... #.##.≈≈≈# ∆
....(. #..######
.....## #... .....
#.... ... #.....
#######


There were no monsters in sight!

Vanquished Creatures
  An adder (D:2)
  A leopard gecko (D:2)
  A ball python (D:2)
  3 giant cockroaches (D:1)
  3 goblins
  6 hobgoblins
  3 jackals (D:1)
  2 kobolds (D:1)
  A quokka (D:2)
  4 bats (D:1)
  2 frilled lizards
  7 rats
34 creatures vanquished.

Notes
Turn   | Place    | Note
-------+----------+-------------------------------------------
     0 | D:1      | manyhoops the Gnoll Wanderer began the quest for the Orb.
     0 | D:1      | manyhoops set off with: a +2 dagger, a scroll of fear, a +0 quarterstaff, a potion of lignification, a +0 robe, a ration
     0 | D:1      | Reached XP level 1. HP: 17/17 MP: 1/1
   135 | D:1      | Reached XP level 2. HP: 16/23 MP: 2/2
   724 | D:1      | Reached XP level 3. HP: 28/28 MP: 3/3
   808 | D:2      | Found a shimmering altar of Xom.
   808 | D:2      | Noticed an angel
   810 | D:2      | Found a glowing silver altar of Zin.
  1100 | D:2      | Reached skill level 1 in Invocations
  1273 | D:2      | Found a runed door.
  1393 | D:2      | Found a burning altar of Makhleb.
  1486 | D:2      | Killed from afar by a crimson imp

Skill      XL: |  1  2  3 |
---------------+----------+-----
Invocations    | 1 |  1.0
Fighting       | |  2.6
Short Blades   | |  6.5
Long Blades    | |  0.9
Axes           | |  0.9
Maces & Flails | |  0.9
Polearms       | |  0.9
Staves         | |  0.9
Slings         | |  0.9
Bows           | |  0.9
Crossbows      | |  0.9
Throwing       | |  0.9
Armour         | |  0.9
Dodging        | |  2.6
Stealth        | |  4.2
Shields        | |  0.9
Unarmed Combat | |  6.5
Spellcasting   | |  0.9
Conjurations   | |  0.6
Hexes          | |  0.6
Charms         | |  0.6
Summonings     | |  0.6
Necromancy     | |  0.6
Translocations | |  0.6
Transmutations | |  0.6
Fire Magic     | |  0.6
Ice Magic      | |  0.6
Air Magic      | |  0.6
Earth Magic    | |  0.6
Poison Magic   | |  0.6
Evocations     | |  0.9

Action                   || total
-------------------------++-------
Melee: Dagger            ||   176
       Bite              ||    14
       Punch             ||     3
Evoke: Wand              ||     4
  Use: Scroll            ||     7
       Potion            ||     1
 Stab: Sleeping          ||     7
  Eat: Chunk             ||     2
Armor: Robe              ||    18
Dodge: Dodged            ||    84
